Map: Abyssal Reef LE

Players

Serral - Winner!

  • Race: Zerg Zerg
  • Spawn Location: 11:00

TooDming

  • Race: Zerg Zerg
  • Spawn Location: 5:00

Event: WCS Austin 2017

VOD

Have the link to the VOD?

Description

Time

  • Played on: April 29, 2017, 11:40 a.m.
  • Length: 10:11

All games in this series

Show
View Real Time Build Order
Export as new Build Order

Serral Zerg - Winner!

Build Orders: Pool First 

Get SALT Encoding   

  12  0:00  Drone  
  13  0:13  Overlord  
  13  0:17  Drone  
  14  0:32  Drone x2  
  17  0:35  Drone  
  17  0:45  Spawning Pool  
  17  0:49  Drone  
  17  1:10  Hatchery  
  16  1:12  Drone  
  16  1:18  Extractor  
  16  1:32  Zergling x6  
  19  1:33  Queen  
  21  1:43  Drone  
  22  1:56  Overlord  
  22  2:13  Queen  
  22  2:14  Drone  
  25  2:16  Drone  
  25  2:17  Metabolic Boost  
  26  2:23  Zergling x2  
  26  2:27  Zergling x2  
  28  2:30  Queen  
  28  2:34  Zergling x2  
  29  2:45  Drone  
  29  2:48  Drone x2  
  32  2:54  Baneling Nest  
  32  2:55  Drone  
  32  2:58  Drone  
  32  3:05  Overlord  
  32  3:09  Zergling x2  
  33  3:13  Zergling x2  
  34  3:20  Zergling x4  
  34  3:26  Zergling x4  
  37  3:34  Zergling x4  
  37  3:40  Baneling  
  37  3:41  Baneling  
  35  3:43  Zergling x4  
  36  3:50  Zergling x4  
  37  3:58  Drone  
  37  4:00  Baneling x2  
  38  4:04  Drone  
  38  4:08  Overlord  
  40  4:10  Drone  
  40  4:12  Baneling  
  40  4:17  Queen, Baneling x2  
  40  4:23  Drone  
  43  4:26  Drone  
  44  4:33  Drone x2  
  46  4:42  Drone x2  
  48  4:50  Drone  
  49  4:57  Drone  
  49  5:05  Lair  
  49  5:06  Drone x2, Evolution Chamber  
  50  5:07  Roach Warren, Extractor  
  50  5:14  Overlord  
  48  5:15  Drone  
  49  5:22  Drone  
  49  5:24  Drone  
  49  5:26  Overlord  
  51  5:34  Drone  
  51  5:35  Drone x5  
  57  5:42  Drone, Hatchery  
  56  5:44  Extractor  
  56  5:47  Roach  
  57  5:55  Roach  
  59  5:59  Zerg Missile Weapons Level 1  
  59  6:01  Overlord  
  59  6:02  Roach  
  59  6:03  Roach x2  
  65  6:05  Glial Reconstitution  
  65  6:10  Roach x2  
  65  6:19  Overlord  
  63  6:36  Drone x6  
  63  6:37  Drone  
  70  6:47  Drone  
  70  6:48  Drone x3  
  70  6:51  Evolution Chamber  
  73  6:54  Overseer  
  73  6:56  Overlord x2  
  73  6:57  Overlord  
  73  7:01  Roach x4  
  81  7:07  Roach  
  81  7:08  Roach  
  85  7:12  Overlord, Extractor  
  84  7:17  Drone, Zerg Ground Armor Level 1  
  84  7:18  Drone x4  
  89  7:24  Overlord  
  89  7:26  Drone x3, Overseer  
  89  7:28  Drone x2  
  94  7:33  Overlord  
  94  7:40  Drone x2  
  94  7:41  Overlord  
  96  7:46  Extractor  
  96  7:47  Extractor  
  96  7:49  Infestation Pit  
  92  7:53  Roach x7  
  106  8:04  Ravager x2  
  108  8:10  Drone x2  
  108  8:11  Roach x4  
  118  8:20  Drone x2  
  118  8:21  Drone x3, Overlord  
  118  8:24  Roach x3  
  118  8:25  Roach x2  
  133  8:36  Roach x3  
  133  8:37  Ravager x2  
  143  8:41  Roach x2  
  143  8:42  Spine Crawler  
  143  8:43  Ravager  
  143  8:45  Roach x2  
  143  8:46  Roach  
  151  8:50  Roach  
  154  9:04  Baneling x2  
  154  9:05  Overlord x3  
  154  9:06  Overlord  
  154  9:14  Overlord  
  154  9:15  Hatchery  
  153  9:23  Infestor x3  
  159  9:28  Roach  
  159  9:29  Roach x7  
  175  9:37  Ravager, Roach x2  
  179  9:43  Drone  
  179  9:44  Drone, Overlord, Spore Crawler  
  179  9:45  Spine Crawler x2  
  178  9:49  Ravager, Roach x2  
  178  9:50  Roach  
Show
View Real Time Build Order
Export as new Build Order

TooDming Zerg 

Build Orders: Pool First 

Get SALT Encoding   

  12  0:00  Drone  
  13  0:12  Overlord  
  13  0:17  Drone  
  14  0:30  Drone x2  
  14  0:35  Drone  
  17  0:44  Extractor  
  17  0:46  Drone  
  17  0:52  Spawning Pool  
  17  0:56  Drone  
  17  1:15  Hatchery  
  16  1:38  Queen  
  16  1:39  Zergling x6  
  21  1:46  Metabolic Boost  
  21  1:54  Overlord  
  21  2:02  Zergling x2  
  22  2:14  Queen  
  24  2:19  Drone  
  25  2:30  Zergling x4  
  27  2:38  Zergling x4  
  28  2:44  Zergling x2  
  28  2:50  Zergling x2  
  30  2:52  Zergling x4  
  30  2:53  Overlord  
  31  3:08  Zergling x4  
  33  3:13  Zergling x4  
  35  3:21  Zergling x6  
  35  3:24  Zergling x2  
  38  3:27  Zergling x2  
  38  3:28  Zergling x6  
  40  3:36  Zergling x2  
  40  3:40  Zergling x2  
  40  3:45  Zergling x2  
  41  3:49  Zergling x2  
  40  3:56  Zergling x2  
  40  4:02  Drone  
  42  4:09  Overlord  
  42  4:18  Drone x2, Overlord x2  
  44  4:29  Drone x4  
  48  4:34  Drone  
  49  4:42  Drone  
  49  4:43  Drone x3  
  53  4:46  Drone x3  
  53  4:51  Baneling Nest  
  53  5:12  Drone  
  53  5:13  Drone x4  
  58  5:17  Extractor  
  57  5:24  Drone  
  57  5:28  Extractor  
  57  5:32  Overlord x2, Hatchery  
  56  5:39  Lair  
  56  5:41  Drone  
  56  5:42  Drone x2, Roach Warren  
  58  5:52  Drone x6  
  58  5:54  Drone  
  65  5:59  Baneling x2  
  65  6:10  Drone  
  65  6:11  Drone x5  
  61  6:15  Overlord  
  61  6:16  Evolution Chamber, Extractor  
  59  6:24  Drone x4  
  63  6:27  Drone  
  63  6:39  Glial Reconstitution  
  63  6:41  Roach x2  
  63  6:44  Queen  
  63  6:45  Overlord, Zerg Missile Weapons Level 1  
  63  6:46  Overlord  
  69  6:54  Drone x3  
  69  6:55  Drone  
  69  6:57  Extractor  
  72  7:04  Roach x2, Overlord  
  72  7:07  Roach x4  
  84  7:17  Extractor  
  84  7:21  Roach x2  
  84  7:22  Roach  
  89  7:24  Overlord x2  
  89  7:25  Overlord  
  89  7:27  Roach x3  
  95  7:35  Roach x2  
  99  7:40  Overlord x2  
  99  7:45  Unknown  
  98  7:53  Roach x2  
  98  7:54  Roach  
  98  7:55  Roach x4  
  110  7:59  Roach x3  
  110  8:00  Roach x3  
  120  8:06  Roach  
  120  8:07  Overlord  
  122  8:13  Overlord  
  122  8:14  Overlord  
  122  8:18  Roach  
  122  8:21  Roach x3  
  122  8:22  Roach  
  122  8:25  Roach, Unknown  
  132  8:32  Roach  
  132  8:34  Roach x7  
  148  8:45  Drone x2  
  148  8:46  Drone  
  151  9:00  Drone  
  151  9:01  Drone x2  
  151  9:02  Drone, Overlord  
  155  9:05  Roach x3  
  155  9:06  Roach x4  
  169  9:14  Overlord x3  
  169  9:30  Overlord x2  
  169  9:31  Overlord  
  169  9:33  Hatchery  
  169  9:35  Ravager x2  
  169  9:36  Ravager  
  169  9:37  Ravager  
  163  9:39  Unknown  
  163  9:42  Roach x6  
  163  9:45  Roach  
  177  9:49  Roach  
Tags
 
Add a new tag
Caveats
  • Supply blocks, unpowered buildings, or Contaminate may cause inaccurate times.
  • Supply counts are checked every 10 seconds.